 Dungeon Crawl Stone Soup version 0.27-a0-1301-g128193abf8 (webtiles) character file.

Game seed: 9818049606664695143

2822 spiderkeys the Agent of Entropy (level 9, -10/75 HPs)
             Began as a Palentonga Abyssal Knight on June 17, 2021.
             Was a Priest of Lugonu.
             Shot with a sling bullet by Joseph (14 damage)
             ... on level 7 of the Dungeon.
             The game lasted 00:11:23 (8829 turns).

spiderkeys the Agent of Entropy (PaAK)              Turns: 8829, Time: 00:11:23

Health: -10/75     AC: 17    Str: 25    XL:     9   Next: 45%
Magic:  12/13      EV: 11    Int: 13    God:    Lugonu [***...]
Gold:   470        SH:  0    Dex: 18    Spells: 8/8 levels left

rFire    . . .     SeeInvis +   d - +1 war axe of Kokuom {venom, rPois Will+ Dex+3}
rCold    . . .     Faith    .   (no shield)
rNeg     . . .     Spirit   .   c - +1 ring mail
rPois    +         Reflect  .   (no helmet)
rElec    .         Harm     .   m - +0 cloak
rCorr    .         Rampage  .   y - +0 pair of gloves
Will     +....                  (no barding)
Stlth    +.........             s - amulet of magic regeneration
HPRegen  0.22/turn              D - +6 ring of dexterity
MPRegen  0.38/turn              S - +6 ring of strength

@: curled up
A: large, rugged brown scales 3, see invisible, deformed body, roll 1, armoured
tail, reflexive curl
a: Rolling Charge, Renounce Religion, Depart the Abyss, Bend Space, Banish


You were on level 7 of the Dungeon.
You worshipped Lugonu.
Lugonu was most pleased with you.
You visited 1 branch of the dungeon, and saw 7 of its levels.
You visited the Abyss 1 time.

You collected 470 gold pieces.


Innate Abilities, Weirdness & Mutations

You are completely covered in rugged brown scales. (AC +3, +7% HP)
You have supernaturally acute eyesight. (SInv)
Armour fits poorly on your strangely shaped body.
You can roll at nearby foes to attack.
You have a long armoured tail.
You curl defensively after being hit.


   Skills:
 + Level 6.5 Fighting
 + Level 6.1 Axes
 + Level 5.1 Armour
 + Level 4.8 Dodging
 + Level 6.6 Invocations


You had 8 spell levels left.
You didn't know any spells.
Your spell library contained the following spells:

 Spells                   Type           Power      Damage    Failure   Level
 Animate Skeleton         Necr           0%         N/A       41%         1
 Beastly Appendage        Tmut           0%         N/A       41%         1
 Freeze                   Ice            0%         1d3       41%         1
 Pain                     Necr           0%         1d4       41%         1
 Wereblood                Tmut           0%         N/A       56%         2
 Frozen Ramparts          Ice            0%         1d2       80%         3
 Ozocubu's Armour         Ice            0%         N/A       80%         3
 Spider Form              Tmut/Pois      0%         N/A       80%         3
 Vampiric Draining        Necr           0%         2d6       80%         3
 Animate Dead             Necr           0%         N/A       99%         4
 Hailstorm                Conj/Ice       0%         3d3       99%         4
 Ice Form                 Ice/Tmut       0%         N/A       99%         4
 Agony                    Necr           0%         N/A       100%        5
 Borgnjor's Vile Clutch   Necr/Erth      0%         N/A       100%        5
 Metabolic Englaciation   Hex/Ice        0%         N/A       100%        5
 Death Channel            Necr           0%         N/A       100%        6
 Simulacrum               Ice/Necr       0%         N/A       100%        6

Inventory:

Hand Weapons
 a - a +1 hand axe
 d - the +1 war axe of Kokuom (weapon) {venom, rPois Will+ Dex+3}
   (You found it on level 2 of the Abyss)

   It poisons the flesh of those it strikes.
   It affects your dexterity (+3).
   It protects you from poison.
   It increases your willpower.
Missiles
 b - 102 stones
 g - 19 poisoned darts
 j - 2 throwing nets {=f!f}
 n - 12 bolts
 o - 8 javelins
 r - 77 arrows
 x - 30 sling bullets
Armour
 c - a +1 ring mail (worn)
   (You found it on level 2 of the Abyss)
 m - a +0 cloak (worn)
   (You took it off Crazy Yiuf on level 4 of the Dungeon)
 y - a +0 pair of gloves (worn)
   (You found it on level 6 of the Dungeon)
Magical Staves
 f - a staff of earth {!a}
   (You found it on level 2 of the Dungeon)
Jewellery
 s - an amulet of magic regeneration (around neck)
   (You found it on level 5 of the Dungeon)
 v - the ring "Gerren" {rN+ Int+2}
   (You found it on level 5 of the Dungeon)

   [ring of positive energy]

   It affects your intelligence (+2).
   It protects you from negative energy.
 D - a +6 ring of dexterity (left hand)
   (You found it on level 4 of the Dungeon)
 F - a ring of protection from fire
   (You found it on level 6 of the Dungeon)
 R - a ring of resist corrosion
   (You found it on level 7 of the Dungeon)
 S - a +6 ring of strength (right hand)
   (You found it on level 6 of the Dungeon)
Wands
 e - a wand of flame (24)
   (You found it on level 2 of the Abyss)
 u - a wand of digging (5)
   (You found it on level 5 of the Dungeon)
 B - a wand of iceblast (2)
   (You found it on level 6 of the Dungeon)
Scrolls
 l - a scroll of teleportation {@r4}
 p - 2 scrolls of immolation {unknown}
 t - a scroll of fog
 z - a scroll of magic mapping {unknown}
 E - a scroll of blinking {unknown}
 G - a scroll of vulnerability {unknown}
Potions
 h - 2 potions of flight
 i - 2 potions of magic
 k - 2 potions of berserk rage {unknown}
 q - 2 potions of lignification {unknown}
 w - a potion of haste {unknown}
 A - a potion of degeneration {unknown}
 C - a potion of mutation {unknown}

Dungeon Overview and Level Annotations

Branches:
Dungeon (7/15)             Temple (0/1) D:4

Altars:
Cheibriados

Annotations:
D:4 indyram44's ghost, weakling DsGl
D:6 1 runed translucent door, ClockworkOrrery's ghost, novice GrFi
D:7 2 transporters, Joseph; bilbop's ghost, novice HOFi

.... ...#
###..# ###.#..#
....... .
#....#.##
#.#.)#..###.
##.#.@.......
#.....#......
##...Z...###.
##...#...# #
#ยง@ยง#...#
###.###...#....
...............
###..........
#.........


You could see Joseph (extremely poisoned) and a centaur skeleton.


Message History

A white imp comes into view. ๐Ÿ˜• HP[+1]
A white imp is nearby!
A white imp is nearby!
There's nothing you can charge at! There's nothing you can charge at!
There's nothing you can charge at!
You slash the white imp!
You kill the white imp!
Lugonu accepts your kill.
No target in view!
No target in view!
A howler monkey skeleton comes into view. ๐Ÿ˜• HP[+9]
You regained 9 hp, and now have 72/75 hp.
A howler monkey skeleton is nearby!
A howler monkey skeleton is nearby!
You roll forward with a clatter of scales!
You slice the howler monkey skeleton!!
You destroy the howler monkey skeleton!
Lugonu accepts your kill.
You hear a shout!
No target in view!
r - 77 arrows (gained 22)
Things that are here:
a +0 shortbow; a centaur corpse ๐Ÿ˜Ž HP[+3]
Your hp is fully restored (75).
You open the door.
A bullfrog comes into view.
The bullfrog gives a loud, deep croak!
There is an open door here.
A bullfrog is nearby!
A bullfrog is nearby!
You roll forward with a clatter of scales!
You slice the bullfrog!!
You kill the bullfrog!
Lugonu accepts your kill.
No target in view!
Joseph, a Mercenary comes into view.
He is wielding a +0 quarterstaff.
Joseph shouts!
Joseph unwields a +0 quarterstaff.
Joseph wields a +0 hunting sling.
Joseph shoots a sling bullet.
The sling bullet hits you! ๐Ÿ˜• HP[-7]
You take 7 damage, and now have 68/75 hp.
Joseph shoots a sling bullet.
The sling bullet completely misses you. There's nothing you can charge at!
Joseph shoots a sling bullet.
The sling bullet hits you! ๐Ÿ˜• HP[-9]
You take 9 damage, and now have 59/75 hp.
You roll forward with a clatter of scales!
You hit Joseph but do no damage.
Joseph is poisoned.
Your tail-slap misses Joseph.
Joseph unwields a +0 hunting sling.
Joseph wields a +0 quarterstaff.
Joseph hits you with a +0 quarterstaff. ๐Ÿ˜ฎ HP[-4]
You take 4 damage, and now have 55/75 hp.
You are too injured to fight recklessly!
You closely miss Joseph. Joseph barely misses you.
Joseph hits you with a +0 quarterstaff. ๐Ÿ˜ฎ HP[-1]
You take 1 damage, and now have 54/75 hp.
You hit Joseph.
Joseph looks as sick as possible!
Joseph hits you with a +0 quarterstaff! ๐Ÿ˜ฎ HP[-10]
You take 10 damage, and now have 44/75 hp.
You hit Joseph.
Joseph looks as sick as possible!
Joseph barely misses you.
You barely miss Joseph. You tail-slap Joseph.
Joseph hits you with a +0 quarterstaff. ๐Ÿ˜ฎ HP[-4]
You take 4 damage, and now have 40/75 hp.
You closely miss Joseph. Joseph hits you with a +0 quarterstaff!
* * * LOW HITPOINT WARNING * * *
๐Ÿ˜จ HP[-8]
You take 8 damage, and now have 32/75 hp.
You barely miss Joseph. You tail-slap Joseph.
A centaur skeleton comes into view.
Joseph misses you. Joseph hits you with a +0 quarterstaff!
* * * LOW HITPOINT WARNING * * *
๐Ÿ˜จ HP[-9]
You take 9 damage, and now have 23/75 hp.
You slash Joseph!
Joseph looks as sick as possible!
You tail-slap Joseph. Joseph hits you with a +0 quarterstaff.
* * * LOW HITPOINT WARNING * * *
๐Ÿ˜จ HP[-1]
You take 1 damage, and now have 22/75 hp.
You closely miss Joseph. Joseph hits you with a +0 quarterstaff!
* * * LOW HITPOINT WARNING * * *
๐Ÿ˜ฑ HP[-14]
You take 14 damage, and now have 8/75 hp.
Okay, then.
Space bends around you!
You blink. ๐Ÿ˜ฑ HP[-2] MP[-1]
You take 2 damage, and now have 6/75 hp.
You lost 1 mp, and now have 12/13 mp.
Space bends around you!
You blink.
Joseph unwields a +0 quarterstaff.
Joseph wields a +0 hunting sling.
Joseph shoots a sling bullet.
The sling bullet hits you!
You die...

Skill      XL: |  1  2  3  4  5  6  7  8  9 |
---------------+----------------------------+-----
Dodging        | 1 2 3 4 |  4.8
Armour         | 2 3 4 5 |  5.1
Invocations    | 3 4 6 |  6.6
Axes           | 3 4 5 6 |  6.1
Fighting       | 4 5 6 |  6.5

Action                   |  1- 3 |  4- 6 |  7- 9 || total
-------------------------+-------+-------+-------++-------
Melee: War axe           |    46 |   195 |   174 ||   415
       Tailslap          |     3 |    17 |    29 ||    49
Throw: Dart              |       |     2 |     2 ||     4
       Throwing net      |       |     1 |       ||     1
Invok: Depart the Abyss  |     1 |       |       ||     1
       Bend Space        |       |     5 |     4 ||     9
       Banish            |       |       |     3 ||     3
 Abil: Rolling Charge    |    10 |    40 |    26 ||    76
Evoke: Wand              |       |     7 |     8 ||    15
  Use: Scroll            |     1 |     4 |     1 ||     6
Armor: Ring mail         |    25 |   124 |    79 ||   228
Dodge: Dodged            |    21 |    99 |    72 ||   192

Levels and vault maps discovered:
D:1:      evilmike_arrival_home_sweet_home, layout_basic,
          shapermc_ecumenical_altar_gd, serial_corexii_hall,
          corexii_hall_statues_x, corexii_hall_statues_s,
          chequers_hall_statues_y, corexii_hall_statues_i
D:2:      layout_basic, basic_altar, minmay_distorted
D:3:      layout_loops_corners, kennysheep_generic_room_11
D:4:      layout_basic, temple_doors_cd, gammafunk_ghost_stat_death,
          minmay_stone_trees_medium, uniq_crazy_yiuf_cottage
D:5:      layout_loops_ring, lemuel_flamethrower_2
D:6:      minmay_chambers_of_fours, layout_gridville,
          hellmonk_ghost_happy_afterlife, columned_hall_lemuel
D:7:      layout_basic, gammafunk_ghost_arena, guppyfry_early_elven_hall,
          uniq_joseph, uniq_maggie

Notes
Turn   | Place    | Note
-------+----------+-------------------------------------------
     0 | Abyss:1  | spiderkeys the Palentonga Abyssal Knight began the quest
                  | for the Orb.
     0 | Abyss:1  | Reached XP level 1. HP: 19/19 MP: 2/2
     0 | Abyss:1  | magus.rc [v1.9.10]
     0 | Abyss:1  | Found a corrupted altar of Lugonu.
    36 | Abyss:2  | Identified the +1 war axe of Kokuom {venom, rPois Will+
                  | Dex+3}
    49 | Abyss:2  | You pick up a book of Unlife and begin reading...
    49 | Abyss:2  | You add the spells Animate Dead, Borgnjor's Vile Clutch,
                  | Death Channel and Simulacrum to your library.
    71 | Abyss:3  | Noticed a tentacled starspawn
    78 | Abyss:3  | Noticed a fire bat
    78 | Abyss:3  | Noticed a chaos spawn
    79 | Abyss:3  | You pick up a book of Changes and begin reading...
    79 | Abyss:3  | You add the spells Beastly Appendage, Wereblood, Spider
                  | Form and Ice Form to your library.
    79 | Abyss:3  | Noticed a fire bat
    79 | Abyss:3  | Noticed a fire bat
    80 | D:1      | You pass through the gate.
    80 | D:1      | Escaped the Abyss
   389 | D:1      | Found a faded altar of an unknown god.
   631 | D:1      | Reached skill level 1 in Dodging
   649 | D:1      | Reached * piety under Lugonu
   696 | D:1      | Reached XP level 2. HP: 25/25 MP: 3/3
  1218 | D:1      | HP: 3/25 [quokka (4)]
  1514 | D:2      | Reached skill level 2 in Armour
  1514 | D:2      | Reached XP level 3. HP: 30/31 MP: 4/4
  1518 | D:2      | Reached XP level 4. HP: 37/37 MP: 4/6
  1634 | D:2      | Reached skill level 3 in Invocations
  1707 | D:2      | Reached XP level 5. HP: 44/44 MP: 7/7
  1741 | D:2      | Found a snail-covered altar of Cheibriados.
  1748 | D:2      | Reached ** piety under Lugonu
  2183 | D:3      | Reached skill level 3 in Axes
  2188 | D:3      | Reached skill level 2 in Dodging
  2377 | D:3      | You pick up a book of Frost and begin reading...
  2377 | D:3      | You add the spells Freeze, Frozen Ramparts, Ozocubu's
                  | Armour, Hailstorm and Metabolic Englaciation to your
                  | library.
  2731 | D:3      | Reached skill level 4 in Fighting
  2731 | D:3      | Reached XP level 6. HP: 23/51 MP: 8/8
  3509 | D:4      | Found a transporter.
  3525 | D:4      | Noticed indyram44's ghost (weakling DsGl)
  3616 | D:4      | Found a transporter.
  3683 | D:4      | Reached *** piety under Lugonu
  4028 | D:4      | Reached skill level 3 in Armour
  4177 | D:4      | Found a runed translucent door.
  4178 | D:4      | Noticed Crazy Yiuf
  4410 | D:4      | You pick up a book of Necromancy and begin reading...
  4410 | D:4      | You add the spells Pain, Animate Skeleton, Vampiric
                  | Draining and Agony to your library.
  4489 | D:4      | Found a staircase to the Ecumenical Temple.
  4766 | D:4      | Killed Crazy Yiuf
  5068 | D:4      | Gained mutation: You curl defensively after being hit.
                  | [Palentonga growth]
  5068 | D:4      | Reached XP level 7. HP: 43/58 MP: 9/9
  5160 | D:5      | Entered Level 5 of the Dungeon
  5167 | D:5      | Reached skill level 4 in Invocations
  5178 | D:5      | Reached skill level 4 in Axes
  5178 | D:5      | HP: 8/58 [ogre (23)]
  5186 | D:5      | Reached skill level 3 in Dodging
  5827 | D:5      | Reached skill level 5 in Fighting
  5843 | D:5      | Reached XP level 8. HP: 32/66 MP: 11/11
  6073 | D:5      | Reached skill level 5 in Invocations
  6152 | D:5      | Reached skill level 4 in Armour
  6180 | D:5      | Reached skill level 5 in Axes
  6469 | D:5      | Identified the ring "Gerren" {rN+ Int+2}
  6991 | D:6      | Reached skill level 4 in Dodging
  7354 | D:6      | Noticed a cyclops
  7391 | D:6      | HP: 8/68 [cyclops (22)]
  7394 | D:6      | Banished a cyclops
  7395 | D:6      | Reached skill level 6 in Fighting
  7395 | D:6      | Reached skill level 6 in Invocations
  7395 | D:6      | Reached XP level 9. HP: 10/73 MP: 1/13
  8147 | D:6      | Noticed ClockworkOrrery's ghost (novice GrFi)
  8156 | D:6      | Found a runed translucent door.
  8414 | D:7      | Noticed bilbop's ghost (novice HOFi)
  8415 | D:7      | Noticed a two-headed ogre
  8418 | D:7      | Found a transporter.
  8523 | D:7      | Reached skill level 6 in Axes
  8533 | D:7      | Reached skill level 5 in Armour
  8726 | D:7      | Found a transporter.
  8815 | D:7      | Noticed Joseph
  8827 | D:7      | HP: 8/75 [Joseph (15)]
  8829 | D:7      | Shot with a sling bullet by Joseph

Vanquished Creatures
  2 ice beasts (D:5)
  A black bear (D:6)
  3 necrophages
  5 ogres
  A centaur (D:7)
  A phantom (D:5)
  3 bullfrogs
  2 water moccasin zombies
  A wight (D:6)
  A quasit (D:4)
  2 bullfrog zombies
  2 hounds
  2 jellies
  4 orc priests
  Crazy Yiuf (D:4)
  4 iguanas
  10 orc wizards
  7 adders
  10 gnolls
  2 howler monkey skeletons
  A white imp (D:7)
  3 ufetubi (D:6)
  A worm (D:3)
  2 dart slugs (D:5)
  15 orcs
  11 ball pythons
  4 bats
  8 endoplasms
  5 giant cockroaches
  2 hobgoblins
  8 jackals
  5 quokkas
  3 frilled lizards
  8 goblins
  8 kobolds
  4 rats
152 creatures vanquished.

Vanquished Creatures (others)
  2 orcs (D:6)
2 creatures vanquished.

Grand Total: 154 creatures vanquished

Table legend:
 A = Non-vault XP
 B = Vault XP
 C = Vault XP percentage of total XP
 D = Non-vault monster count
 E = Vault monster count
 F = Vault count percentage of total count
                 A         B        C        D         E       F
            +---------+---------+-------+---------+---------+-------
      Total |    3195 |     837 |  20.8 |     142 |      12 |   7.8
            +---------+---------+-------+---------+---------+-------
        D:1 |      29 |       0 |   0.0 |      19 |       0 |   0.0
        D:2 |     183 |       4 |   2.1 |      24 |       2 |   7.7
        D:3 |     175 |       3 |   1.7 |      23 |       2 |   8.0
        D:4 |     266 |      87 |  24.6 |      28 |       2 |   6.7
        D:5 |    1252 |       0 |   0.0 |      23 |       0 |   0.0
        D:6 |     731 |     743 |  50.4 |      15 |       6 |  28.6
        D:7 |     559 |       0 |   0.0 |      10 |       0 |   0.0
            +---------+---------+-------+---------+---------+-------

Illustrated notes

Table legend:
 A = Kills in this place as a percentage of kills in entire the game.
 B = Kills by you in this place as a percentage of kills by you in the entire game.
 C = Kills by friends in this place as a percentage of kills by friends in the entire game.
 D = Other kills in this place as a percentage of other kills in the entire game.
 E = Experience gained in this place as a percentage of experience gained in the entire game.
 F = Experience gained in this place divided by the number of levels of this place that you have seen.
                   A       B       C       D       E      F
               +-------+-------+-------+-------+-------+----------------------
         Total | 100.0 | 100.0 |   N/A | 100.0 | 100.0 | 403.2
       Dungeon | 100.0 | 100.0 |   N/A | 100.0 | 100.0 | 576.0
               +-------+-------+-------+-------+-------+----------------------

Table legend: (Time is in decaauts)
 A = Elapsed time spent in this place.
 B = Non-inter-level travel time spent in this place.
 C = Inter-level travel time spent in this place.
 D = Time resting spent in this place.
 E = Time spent auto-exploring this place.
 F = Levels seen in this place.
 G = Mean time per level.
                   A        B        C        D        E       F      G
               +--------+--------+--------+--------+--------+-----+--------+
         Total |   8955 |   8740 |    215 |    672 |   6933 |  10 |  895.5 |
       Dungeon |   8874 |   8659 |    215 |    672 |   6932 |   7 | 1267.7 |
         Abyss |     81 |     81 |      0 |      0 |      1 |   3 |   27.0 |
               +--------+--------+--------+--------+--------+-----+--------+

Top non-repeatable levels by time:
     D:5: 1996 daAuts
     D:4: 1870 daAuts
     D:1: 1410 daAuts
     D:6: 1290 daAuts
     D:3: 1211 daAuts
     D:2: 671 daAuts
     D:7: 424 daAuts
 Abyss:2: 38 daAuts
 Abyss:1: 29 daAuts
 Abyss:3: 13 daAuts
